 Dungeon Sprint DCSS version 0.22-a0-135-g6f012ad (webtiles) character file.

13800000 theanonym the Conqueror (level 27, -84/245 (249) HPs)
             Began as a Formicid Fighter on Jan 31, 2018.
             Was the Champion of Makhleb.
             Killed from afar by a wretched soul (93 damage)
             ... with a bolt of negative energy
             ... in the Dungeon (Sprint VIII: "Arena of Blood").
             The game lasted 00:06:55 (138 turns).

theanonym the Conqueror (Formicid Fighter)           Turns: 138, Time: 00:06:56

HP:   -84/245 (249) AC: 12    Str: 29    XL:     27
MP:   45/54         EV: 27    Int:  9    God:    Makhleb [******]
Gold: 0             SH: 19    Dex: 14    Spells: 80/80 levels left

rFire    . . .     SeeInvis +   d - +∞ Axe of Woe
rCold    . . .     Gourm    .   c - +0 shield
rNeg     . . .     Faith    .   b - +0 scale mail {10}
rPois    .         Spirit   .   (helmet unavailable)
rElec    .         Reflect  .   (no cloak)
rCorr    .         Harm     .   (no gloves)
MR       ++...                  (no boots)
Stlth    ++++++++..             (no amulet)
HPRegen  0.50/turn              f - +30 ring of slaying
MPRegen  0.34/turn              g - +30 ring of slaying

@: lethally poisoned (-84 -> -90), drained
A: permanent stasis, dig shafts and tunnels, four strong arms, antennae 3
a: Dig, Minor Destruction, Lesser Servant of Makhleb, Major Destruction, Greater
Servant of Makhleb, Renounce Religion


Innate Abilities, Weirdness & Mutations

You cannot be hasted, slowed, berserked, paralysed or teleported.
You can dig through walls and to a lower floor.
Your four strong arms can wield two-handed weapons with a shield.
You have a pair of large antennae on your head. (SInv)


   Skills:
 O Level 27(25.5) Fighting
 O Level 27(25.5) Axes
 O Level 27(25.5) Throwing
 O Level 27(25.5) Armour
 O Level 27(25.5) Dodging
 O Level 27(25.5) Stealth
 O Level 27(25.5) Shields
 O Level 27(25.5) Unarmed Combat
 O Level 27(25.5) Spellcasting
 O Level 27(25.5) Invocations


You had 80 spell levels left.
You didn't know any spells.

Skill      XL: |  1  2  3  4  5  6  7  8  9 10 11 12 13 14 15 16 17 18 19 20 21 22 23 |
---------------+----------------------------------------------------------------------+-----
Fighting       | 14 16 17 20 21 25 27 | 27.0
Axes           | 17 20 21 24 25 26 27 | 27.0
Armour         | 14 16 17 20 25 27 | 27.0
Shields        | 15 21 27 | 27.0
Dodging        | 7 10 13 14 19 23 27 | 27.0
Invocations    | 21 25 27 | 27.0
Stealth        | 25 27 | 27.0
Throwing       | 16 22 27 | 27.0
Unarmed Combat | 16 22 27 | 27.0
Spellcasting   | 17 27 | 27.0

Action                   |  1- 3 |  4- 6 |  7- 9 | 10-12 | 13-15 | 16-18 | 19-21 | 22-24 | 25-27 || total
-------------------------+-------+-------+-------+-------+-------+-------+-------+-------+-------++-------
Melee: Executioner's axe |     1 |       |       |     1 |     3 |     7 |     5 |     9 |    75 ||   101
Invok: Lesser Servant of |       |       |       |       |       |     1 |     2 |       |       ||     3
       Greater Servant o |       |       |       |       |       |       |       |     1 |     9 ||    10
       Major Destruction |       |       |       |       |       |       |       |       |     3 ||     3
 Stab: Distracted        |       |       |       |       |       |       |       |       |     1 ||     1
Armor: Scale mail        |       |       |       |       |       |       |       |       |     3 ||     3
Dodge: Dodged            |       |       |       |       |       |       |       |       |    10 ||    10
Block: Shield            |       |       |       |       |       |       |       |       |    13 ||    13

Inventory:

Hand Weapons
 a - a +0 war axe
 d - the +∞ Axe of Woe (weapon)
   (You found it in the Dungeon)
Armour
 b - a +0 scale mail (worn) {10}
 c - a +0 shield (worn)
Jewellery
 f - a +30 ring of slaying (left hand)
   (You took it off an orc in the Dungeon)
 g - a +30 ring of slaying (right hand)
   (You took it off an orc in the Dungeon)
Scrolls
 B - a scroll of blinking
Potions
 h - a potion of haste
 i - 2 potions of magic
 j - a potion of berserk rage
 m - a potion of might
 q - a potion of heal wounds
 w - a potion of curing
Comestibles
 e - a ration You were in the Dungeon. You worshipped Makhleb. Makhleb was exalted by your worship. You were not hungry. You visited 1 branch

Dungeon Overview and Level Annotations

Branches:
Dungeon (1/1)

Altars:
Makhleb

{{#%......#
{#......p# {.
..###§§§..%.###...
...{.S§###%.......
.....§§§§).o%.....
.....#W§p%)#......
... #_)DW_#..{...
....o#%))X§#Wooo..


..oX.XX@2pXX§Go.. DD..L.##XL§§Xo... .###.. ..XX###... { #.X..X.o# ..
{{#........p {.........o. {...........o ............. You could see 4 tentacled
monstrosities, a meat beast, 2 tyrants, 3 eight-headed meat hydras, an observer
(invisible), a scourge, 4 fleshlords, 7 large abominations, 2 wretched souls, a
dread and 11 bags of meat.

Notes
Turn   | Place    | Note
-------+----------+-------------------------------------------
     0 | D        | Found the +∞ Axe of Woe
     0 | D        | theanonym the Formicid Fighter began the quest for the Orb.
     0 | D        | Reached XP level 1. HP: 18/18 MP: 1/1
     3 | D        | Noticed a bag of meat
     4 | D        | Noticed a bag of meat
     6 | D        | Noticed a bag of meat
     6 | D        | Killed a bag of meat
     6 | D        | Reached skill level 14 in Fighting
     6 | D        | Reached skill level 17 in Axes
     6 | D        | Reached skill level 14 in Armour
     6 | D        | Reached skill level 15 in Shields
     6 | D        | Reached XP level 2. HP: 43/43 MP: 2/2
     6 | D        | Reached XP level 3. HP: 49/49 MP: 3/3
     6 | D        | Reached XP level 4. HP: 56/56 MP: 4/4
     6 | D        | Reached XP level 5. HP: 62/62 MP: 5/5
     6 | D        | Reached XP level 6. HP: 69/69 MP: 6/6
     6 | D        | Reached XP level 7. HP: 75/75 MP: 7/7
     6 | D        | Reached XP level 8. HP: 82/82 MP: 8/8
     6 | D        | Reached XP level 9. HP: 88/88 MP: 9/9
     6 | D        | Reached XP level 10. HP: 95/95 MP: 10/10
     6 | D        | Reached XP level 11. HP: 101/101 MP: 11/11
     6 | D        | Reached XP level 12. HP: 108/108 MP: 12/12
     7 | D        | Noticed a bag of meat
     8 | D        | Noticed a meat berserker
     8 | D        | Noticed a bag of meat
     8 | D        | Killed a bag of meat
     8 | D        | Reached skill level 16 in Fighting
     8 | D        | Reached skill level 20 in Axes
     8 | D        | Reached skill level 16 in Armour
     8 | D        | Reached skill level 7 in Dodging
     8 | D        | Reached XP level 13. HP: 119/119 MP: 13/13
    10 | D        | Killed a bag of meat
    10 | D        | Reached skill level 17 in Fighting
    10 | D        | Reached skill level 21 in Axes
    10 | D        | Reached skill level 17 in Armour
    10 | D        | Reached skill level 10 in Dodging
    10 | D        | Reached XP level 14. HP: 129/129 MP: 14/14
    10 | D        | Noticed a bag of meat
    12 | D        | Noticed a bag of meat
    12 | D        | Killed a meat berserker
    12 | D        | Reached skill level 20 in Fighting
    12 | D        | Reached skill level 24 in Axes
    12 | D        | Reached skill level 20 in Armour
    12 | D        | Reached skill level 13 in Dodging
    12 | D        | Reached XP level 15. HP: 141/141 MP: 15/15
    13 | D        | Became a worshipper of Makhleb the Destroyer
    14 | D        | Reached skill level 21 in Fighting
    14 | D        | Reached skill level 25 in Axes
    14 | D        | Reached skill level 14 in Dodging
    14 | D        | Reached XP level 16. HP: 152/152 MP: 16/16
    15 | D        | Reached * piety under Makhleb
    15 | D        | Reached skill level 22 in Fighting
    15 | D        | Reached skill level 26 in Axes
    15 | D        | Reached skill level 15 in Dodging
    16 | D        | Reached skill level 23 in Fighting
    16 | D        | Reached skill level 17 in Dodging
    19 | D        | Reached skill level 25 in Fighting
    19 | D        | Reached skill level 19 in Dodging
    19 | D        | Reached XP level 17. HP: 169/169 MP: 17/17
    19 | D        | Reached ** piety under Makhleb
    19 | D        | Reached skill level 26 in Fighting
    19 | D        | Reached skill level 21 in Dodging
    22 | D        | Reached skill level 27 in Fighting
    22 | D        | Reached skill level 23 in Dodging
    22 | D        | Reached XP level 18. HP: 182/182 MP: 18/18
    23 | D        | Reached skill level 25 in Dodging
    23 | D        | Reached *** piety under Makhleb
    23 | D        | Reached skill level 27 in Axes
    23 | D        | Reached skill level 22 in Armour
    23 | D        | Reached skill level 26 in Dodging
    25 | D        | Noticed a meat berserker
    26 | D        | Reached skill level 23 in Armour
    26 | D        | Reached skill level 27 in Dodging
    26 | D        | Reached skill level 12 in Invocations
    27 | D        | Noticed a meat berserker
    28 | D        | Killed a meat berserker
    28 | D        | Reached skill level 25 in Armour
    28 | D        | Reached skill level 21 in Invocations
    28 | D        | Reached XP level 19. HP: 189/189 MP: 18/33
    31 | D        | Noticed a meat berserker
    31 | D        | Noticed a large bag of meat
    31 | D        | Noticed a destroyer
    32 | D        | Noticed a destroyer
    32 | D        | Killed a destroyer
    32 | D        | Reached skill level 27 in Armour
    32 | D        | Reached skill level 21 in Shields
    32 | D        | Reached skill level 25 in Invocations
    32 | D        | Reached XP level 20. HP: 190/197 MP: 19/36
    33 | D        | Killed a meat berserker
    33 | D        | Reached **** piety under Makhleb
    33 | D        | Reached skill level 27 in Shields
    33 | D        | Reached skill level 27 in Invocations
    33 | D        | Reached skill level 11 in Stealth
    34 | D        | Noticed a destroyer
    34 | D        | Noticed a destroyer
    35 | D        | Killed a meat berserker
    35 | D        | Reached skill level 25 in Stealth
    35 | D        | Reached XP level 21. HP: 204/204 MP: 19/38
    36 | D        | Killed a destroyer
    36 | D        | Reached skill level 27 in Stealth
    36 | D        | Reached skill level 12 in Throwing
    36 | D        | Reached skill level 12 in Unarmed Combat
    36 | D        | Reached skill level 12 in Spellcasting
    36 | D        | Reached ***** piety under Makhleb
    36 | D        | Reached skill level 15 in Throwing
    36 | D        | Reached skill level 15 in Unarmed Combat
    36 | D        | Reached skill level 15 in Spellcasting
    36 | D        | Noticed a large bag of meat
    37 | D        | Reached skill level 16 in Throwing
    37 | D        | Reached skill level 16 in Unarmed Combat
    37 | D        | Reached skill level 17 in Spellcasting
    37 | D        | Reached XP level 22. HP: 212/212 MP: 20/43
    38 | D        | Reached skill level 17 in Throwing
    38 | D        | Reached skill level 17 in Unarmed Combat
    38 | D        | Reached skill level 19 in Spellcasting
    39 | D        | Noticed a meat berserker
    40 | D        | Noticed The Servant
    41 | D        | Killed a large bag of meat
    41 | D        | Reached skill level 19 in Throwing
    41 | D        | Reached skill level 19 in Unarmed Combat
    41 | D        | Reached skill level 22 in Spellcasting
    42 | D        | Reached skill level 20 in Throwing
    42 | D        | Reached skill level 20 in Unarmed Combat
    42 | D        | Reached skill level 24 in Spellcasting
    43 | D        | Noticed a meat berserker
    43 | D        | Killed a destroyer
    43 | D        | Reached skill level 22 in Throwing
    43 | D        | Reached skill level 22 in Unarmed Combat
    43 | D        | Reached skill level 27 in Spellcasting
    43 | D        | Reached XP level 23. HP: 219/219 MP: 21/54
    44 | D        | Noticed a destroyer
    44 | D        | Reached skill level 25 in Throwing
    44 | D        | Reached skill level 25 in Unarmed Combat
    45 | D        | Reached skill level 26 in Throwing
    45 | D        | Reached skill level 26 in Unarmed Combat
    45 | D        | Noticed a destroyer
    46 | D        | Reached skill level 27 in Throwing
    46 | D        | Reached skill level 27 in Unarmed Combat
    46 | D        | Reached XP level 24. HP: 227/227 MP: 22/54
    46 | D        | Reached ****** piety under Makhleb
    48 | D        | Noticed a destroyer
    48 | D        | Reached XP level 25. HP: 234/234 MP: 22/54
    49 | D        | Noticed a large bag of meat
    49 | D        | Killed a large bag of meat
    49 | D        | Killed a destroyer
    50 | D        | Noticed a destroyer
    50 | D        | Reached XP level 26. HP: 228/242 MP: 23/54
    50 | D        | Killed a destroyer
    51 | D        | Noticed a destroyer
    52 | D        | Noticed a destroyer
    52 | D        | Noticed a destroyer
    53 | D        | Noticed a destroyer
    53 | D        | Noticed a destroyer
    53 | D        | Killed a destroyer
    53 | D        | Reached XP level 27. HP: 249/249 MP: 24/54
    54 | D        | HP: 113/249 [destroyer/+9 great sword of slicing (27)]
    55 | D        | Killed a destroyer
    55 | D        | Killed a destroyer
    55 | D        | Killed a destroyer
    55 | D        | Killed a destroyer
    55 | D        | Killed a destroyer
    56 | D        | Noticed a large bag of meat
    59 | D        | Noticed a large bag of meat
    59 | D        | Killed a destroyer
    60 | D        | Noticed a destroyer
    61 | D        | Killed a destroyer
    64 | D        | Noticed an accursed
    64 | D        | Noticed an accursed
    64 | D        | Killed a destroyer
    65 | D        | Noticed a meat beast
    65 | D        | Noticed a large bag of meat
    66 | D        | Noticed a meat beast
    66 | D        | Noticed a meat beast
    66 | D        | Noticed an accursed
    66 | D        | Killed a large bag of meat
    67 | D        | Noticed a meat beast
    69 | D        | Killed a meat beast
    69 | D        | Killed a meat beast
    69 | D        | Killed a meat beast
    70 | D        | Noticed a meat beast
    70 | D        | Killed a meat beast
    70 | D        | HP: 86/249 [The Servant/+9 glaive of flaming (106)]
    70 | D        | HP: 40/249 [The Servant/+9 glaive of flaming (46)]
    71 | D        | Killed a large bag of meat
    73 | D        | Noticed a tyrant
    75 | D        | Killed a large bag of meat
    76 | D        | HP: 108/249 [The Servant/+9 glaive of flaming (127)]
    76 | D        | Noticed a destroyer
    78 | D        | Killed an accursed
    78 | D        | Killed a destroyer
    79 | D        | Killed a large bag of meat
    80 | D        | Noticed a destroyer
    81 | D        | Killed an accursed
    84 | D        | Killed an accursed
    84 | D        | HP: 102/248 [torment (99)]
    86 | D        | Killed a meat beast
    87 | D        | HP: 23/248 [The Servant/+9 glaive of flaming (31)]
    89 | D        | Noticed a meat beast
    92 | D        | Killed a tyrant
    94 | D        | Killed a meat beast
    95 | D        | Noticed a destroyer
    96 | D        | Noticed an accursed
    97 | D        | Noticed an accursed
    98 | D        | Killed a destroyer
   100 | D        | Noticed a meat beast
   100 | D        | Killed a destroyer
   102 | D        | Noticed The Defiler
   102 | D        | HP: 113/248 [accursed/divine providence (16)]
   103 | D        | Noticed a dread
   106 | D        | Killed an accursed
   107 | D        | Killed a meat beast
   107 | D        | HP: 55/248 [observer/bolt of fire (99)]
   109 | D        | Killed The Defiler
   110 | D        | Killed an accursed
   114 | D        | Noticed The Captor
   114 | D        | Killed The Servant
   114 | D        | Killed a dread
   116 | D        | HP: 95/245 [??? (93)]
   119 | D        | HP: 35/245 [??? (33)]
   121 | D        | Noticed a large bag of meat
   122 | D        | Noticed a large bag of meat
   123 | D        | Noticed a fleshlord
   124 | D        | HP: 109/245 [poisoned by a scourge (poison arrow)]
   125 | D        | Noticed a tyrant
   125 | D        | HP: 47/245 [??? (44)]
   125 | D        | HP: 14/245 [??? (11)]
   126 | D        | HP: 5/245 [??? (2)]
   129 | D        | Noticed a fleshlord
   129 | D        | Noticed a fleshlord
   129 | D        | Killed a large bag of meat
   129 | D        | Killed The Captor
   130 | D        | Noticed a dread
   130 | D        | Noticed a meat beast
   131 | D        | Killed a large bag of meat
   131 | D        | HP: 92/245 [poisoned by a scourge (poison arrow)]
   132 | D        | Noticed a meat beast
   132 | D        | Killed a fleshlord
   133 | D        | Noticed a tyrant
   134 | D        | Noticed a fleshlord
   134 | D        | Killed a meat beast
   135 | D        | Noticed a fleshlord
   136 | D        | HP: 82/245 [??? (80)]
   137 | D        | HP: 37/245 [??? (34)]
   138 | D        | Noticed a fleshlord
   138 | D        | HP: 11/245 [??? (8)]
   138 | D        | Killed from afar by a wretched soul

Vanquished Creatures
  A hell knight (D)
  8 hell beasts (D)
  Edmund (D)
  5 greater mummies (D)
  2 great orbs of eyes (D)
  A wraith (D)
  Harold (D)
  17 vampire knights (D)
  38 ogres (D)
  8 two-headed ogres (D)
  A lich (D)
  5 hydras (D)
  68 orcs (D)
  4 phantoms (D)
  6 skeletal warriors (D)
  A sea snake (D)
  7 large abominations (D)
  8 small abominations (D)
  10 crawling corpses (D)
192 creatures vanquished.

Vanquished Creatures (collateral kills)
  2 crawling corpses (D)
2 creatures vanquished.

Vanquished Creatures (others)
  Sigmund (D)
  An ogre (D)
  A hydra (D)
  An orc (D)
  2 crawling corpses (D)
6 creatures vanquished.

Grand Total: 200 creatures vanquished

Table legend:
 A = Turns spent in this place as a percentage of turns spent in the entire game.
 B = Non-inter-level travel turns spent in this place as a percentage of non-inter-level travel turns spent in the entire game.
 C = Inter-level travel turns spent in this place as a percentage of turns spent in this place.
 D = Turns resting spent in this place as a percentage of non-inter-level travel turns spent in this place.
 E = Turns spent auto-exploring this place as a percentage of non-inter-level travel turns spent in this place.
 F = Non-inter-level travel turns spent in this place divided by the number of levels of this place that you've seen.
                   A       B       C       D       E      F
               +-------+-------+-------+-------+-------+----------------------
         Total | 100.0 | 100.0 |   0.0 |   0.0 |   0.0 | 138.0
       Dungeon | 100.0 | 100.0 |   0.0 |   0.0 |   0.0 | 138.0
               +-------+-------+-------+-------+-------+----------------------
